[ PARTIDA AOE2 · #480002430 ]
UnrankedBirmanos vs Cumans
[ ANÁLISIS DE REPETICIÓN · EXTRAÍDO DE LA PARTIDA GRABADA ]
Feudal
3:53
Castillos
12:02
Imperial
—
| APM promedio | 49.4 |
| APM pico | 89 |
| eAPM promedio | 35.8 |
| Aldeanos / militares | 17 / 243 |
Foco
⚔️ 52.1% · 🌾 47.9%
Spearman ×242 · Fishing Ship ×11 · Transport Ship ×1
Feudal
5:43
Castillos
9:47
Imperial
—
| APM promedio | 15.0 |
| APM pico | 22 |
| eAPM promedio | 11.8 |
| Aldeanos / militares | 23 / 0 |
Foco
⚔️ 5.0% · 🌾 95.0%
Fishing Ship ×2
Feudal
—
Castillos
—
Imperial
—
| APM promedio | 0.7 |
| APM pico | 9 |
| eAPM promedio | 0.7 |
| Aldeanos / militares | 0 / 0 |
Feudal
4:54
Castillos
7:44
Imperial
—
| APM promedio | 19.1 |
| APM pico | 34 |
| eAPM promedio | 13.5 |
| Aldeanos / militares | 19 / 12 |
Foco
⚔️ 20.7% · 🌾 79.3%
Fishing Ship ×14 · Demolition Raft ×12
Feudal
4:03
Castillos
6:51
Imperial
—
| APM promedio | 14.8 |
| APM pico | 25 |
| eAPM promedio | 11.6 |
| Aldeanos / militares | 37 / 11 |
Foco
⚔️ 21.9% · 🌾 78.1%
Trade Cog ×10 · Transport Ship ×10 · Monk ×1
Feudal
5:26
Castillos
10:20
Imperial
—
| APM promedio | 13.5 |
| APM pico | 22 |
| eAPM promedio | 10.5 |
| Aldeanos / militares | 10 / 12 |
Foco
⚔️ 27.3% · 🌾 72.7%
Fishing Ship ×20 · Demolition Raft ×12
Feudal
4:41
Castillos
6:24
Imperial
9:26
| APM promedio | 36.3 |
| APM pico | 94 |
| eAPM promedio | 29.0 |
| Aldeanos / militares | 17 / 32 |
Foco
⚔️ 42.1% · 🌾 57.9%
Knight ×23 · Throwing Axeman ×8 · Transport Ship ×1
Feudal
8:29
Castillos
11:18
Imperial
—
| APM promedio | 28.9 |
| APM pico | 53 |
| eAPM promedio | 17.7 |
| Aldeanos / militares | 51 / 1 |
Foco
⚔️ 17.5% · 🌾 82.5%
Trade Cart ×1 · Transport Ship ×1
Mapa de la partida
Recursos iniciales + cada clic de construcción. Líneas = muros · curvas = relieve. ◆ oro · ⬟ piedra · ● bayas · ✦ reliquia · ◌ hueco del cierre
Tu base· ✓ Separados por el mapa
Base de Natascha· ✓ Separados por el mapa
Base de cumm sharpshooter· ✓ Separados por el mapa
Base de Xinzzo· ✓ Separados por el mapa
Base de pool_champ· ✓ Separados por el mapa
Base de rcmccallum· ✓ Separados por el mapa
Base de fxsound· ✓ Separados por el mapa
Base de badger· ✓ Separados por el mapa
Terreno inicial suavizado · ◌ = hueco del cierre detectado · pasá el cursor para detalles
Inputs por minuto
— Snek - - Natascha
Build order — Snek
Primeras 150 de 246 acciones detectadas
| 0:03 | Crear | Villager (Male) |
| 0:03 | Crear | Villager (Male) |
| 0:03 | Crear | Villager (Male) |
| 0:04 | Construir | House |
| 0:05 | Construir | House |
| 1:19 | Crear | Villager (Male) |
| 1:21 | Construir | Lumber Camp |
| 1:35 | Investigar | Loom |
| 1:38 | Crear | Villager (Male) |
| 2:05 | Crear | Villager (Male) |
| 2:11 | Construir | Mill |
| 2:37 | Crear | Villager (Male) |
| 2:45 | Investigar | Feudal Age |
| 3:05 | Construir | Dock |
| 3:35 | Construir | House |
| 3:39 | Crear | Villager (Male) |
| 3:53 | Edad | Edad Feudal |
| 3:55 | Investigar | Double-Bit Axe |
| 3:55 | Investigar | Double-Bit Axe |
| 3:58 | Crear | Villager (Male) |
| 4:26 | Crear | Fishing Ship |
| 4:41 | Crear | Villager (Male) |
| 5:05 | Crear | Villager (Male) |
| 5:15 | Crear | Transport Ship |
| 5:24 | Crear | Villager (Male) |
| 5:34 | Crear | Fishing Ship |
| 5:42 | Investigar | Loom |
| 5:50 | Construir | House |
| 6:05 | Crear | Villager (Male) |
| 6:07 | Crear | Villager (Male) |
| 6:14 | Construir | Lumber Camp |
| 6:19 | Crear | Fishing Ship |
| 6:48 | Construir | Barracks |
| 6:52 | Crear | Villager (Male) |
| 7:02 | Construir | Barracks |
| 7:06 | Crear | Spearman |
| 7:08 | Crear | Spearman |
| 7:08 | Crear | Spearman |
| 7:15 | Construir | Barracks |
| 7:19 | Crear | Spearman |
| 7:19 | Crear | Spearman |
| 7:21 | Crear | Villager (Male) |
| 7:26 | Construir | House |
| 7:28 | Construir | House |
| 7:28 | Construir | House |
| 7:32 | Construir | House |
| 7:33 | Construir | House |
| 7:35 | Construir | House |
| 7:38 | Crear | Spearman |
| 7:38 | Crear | Spearman |
| 7:38 | Crear | Spearman |
| 7:39 | Crear | Spearman |
| 7:39 | Crear | Spearman |
| 7:45 | Construir | Barracks |
| 7:47 | Crear | Spearman |
| 7:47 | Crear | Spearman |
| 7:48 | Crear | Spearman |
| 7:51 | Crear | Spearman |
| 7:51 | Crear | Spearman |
| 7:51 | Crear | Spearman |
| 7:52 | Crear | Spearman |
| 7:52 | Crear | Spearman |
| 7:55 | Investigar | Arson |
| 7:56 | Crear | Spearman |
| 7:56 | Crear | Spearman |
| 7:56 | Crear | Spearman |
| 7:57 | Crear | Spearman |
| 7:57 | Crear | Spearman |
| 7:58 | Crear | Spearman |
| 7:58 | Crear | Spearman |
| 8:04 | Construir | Barracks |
| 8:08 | Crear | Spearman |
| 8:08 | Crear | Spearman |
| 8:08 | Crear | Spearman |
| 8:08 | Crear | Spearman |
| 8:09 | Crear | Spearman |
| 8:09 | Crear | Spearman ×5 |
| 8:10 | Crear | Spearman ×5 |
| 8:13 | Construir | Blacksmith |
| 8:18 | Crear | Spearman |
| 8:18 | Crear | Spearman |
| 8:19 | Crear | Spearman |
| 8:19 | Crear | Spearman |
| 8:20 | Crear | Spearman |
| 8:20 | Crear | Spearman |
| 8:20 | Crear | Spearman |
| 8:20 | Crear | Spearman |
| 8:21 | Crear | Spearman |
| 8:21 | Crear | Spearman |
| 8:21 | Crear | Spearman |
| 8:21 | Crear | Spearman |
| 8:22 | Crear | Spearman |
| 8:26 | Crear | Spearman |
| 8:26 | Crear | Spearman |
| 8:27 | Crear | Spearman |
| 8:27 | Crear | Spearman ×5 |
| 8:27 | Crear | Spearman ×5 |
| 8:28 | Crear | Spearman ×5 |
| 8:28 | Crear | Spearman ×5 |
| 8:34 | Construir | Barracks |
| 8:37 | Crear | Spearman |
| 8:37 | Crear | Spearman |
| 8:37 | Crear | Spearman ×5 |
| 8:37 | Crear | Spearman ×5 |
| 8:38 | Crear | Spearman ×3 |
| 8:41 | Investigar | Scale Mail Armor |
| 8:41 | Investigar | Forging |
| 8:41 | Investigar | Forging |
| 8:43 | Construir | Market |
| 8:47 | Crear | Villager (Male) |
| 8:50 | Construir | House |
| 8:50 | Construir | House |
| 8:51 | Construir | House |
| 8:51 | Construir | House |
| 8:52 | Construir | House |
| 8:53 | Construir | House |
| 8:53 | Construir | House |
| 8:54 | Construir | House |
| 8:55 | Construir | House |
| 8:56 | Construir | House |
| 8:56 | Construir | House |
| 8:56 | Construir | House |
| 8:56 | Construir | House |
| 9:00 | Construir | House |
| 9:01 | Crear | Spearman |
| 9:01 | Crear | Spearman |
| 9:02 | Crear | Spearman |
| 9:02 | Crear | Spearman |
| 9:02 | Crear | Spearman |
| 9:02 | Crear | Spearman |
| 9:03 | Crear | Spearman |
| 9:03 | Crear | Spearman |
| 9:10 | Crear | Spearman |
| 9:11 | Crear | Spearman |
| 9:11 | Crear | Spearman |
| 9:11 | Crear | Spearman ×5 |
| 9:11 | Crear | Spearman ×5 |
| 9:12 | Crear | Spearman ×5 |
| 9:13 | Construir | Barracks |
| 9:15 | Crear | Spearman |
| 9:15 | Crear | Spearman |
| 9:15 | Crear | Spearman |
| 9:21 | Crear | Spearman |
| 9:21 | Crear | Spearman |
| 9:28 | Crear | Spearman |
| 9:28 | Crear | Spearman |
| 9:28 | Crear | Spearman |
| 9:29 | Crear | Spearman |
| 9:42 | Construir | House |
| 9:43 | Construir | House |
Build order — Natascha
57 acciones detectadas en el replay
| 0:19 | Crear | Villager (Male) ×4 |
| 0:22 | Construir | House |
| 0:24 | Construir | House |
| 0:47 | Construir | Lumber Camp |
| 1:27 | Investigar | Loom |
| 1:27 | Investigar | Loom |
| 2:19 | Crear | Villager (Male) |
| 2:35 | Construir | Mill |
| 2:38 | Crear | Villager (Male) |
| 2:54 | Crear | Villager (Male) |
| 3:14 | Crear | Villager (Male) |
| 3:36 | Crear | Villager (Male) |
| 4:06 | Construir | Mining Camp |
| 4:26 | Crear | Villager (Male) |
| 4:37 | Investigar | Feudal Age |
| 4:58 | Construir | Farm |
| 5:00 | Construir | Farm |
| 5:14 | Construir | Farm |
| 5:14 | Construir | Farm |
| 5:19 | Crear | Villager (Male) |
| 5:23 | Construir | House |
| 5:39 | Construir | House |
| 5:43 | Edad | Edad Feudal |
| 6:07 | Construir | Market |
| 6:11 | Construir | Blacksmith |
| 6:14 | Crear | Villager (Male) |
| 6:19 | Construir | Farm |
| 6:26 | Crear | Villager (Male) |
| 6:36 | Construir | Farm |
| 6:52 | Crear | Villager (Male) |
| 7:16 | Construir | Farm |
| 7:18 | Crear | Villager (Male) |
| 7:33 | Crear | Villager (Male) |
| 7:38 | Construir | Farm |
| 7:55 | Construir | Dock |
| 7:57 | Crear | Villager (Male) |
| 8:17 | Construir | Farm |
| 8:30 | Investigar | Castle Age |
| 8:37 | Investigar | Double-Bit Axe |
| 8:50 | Construir | Farm |
| 9:00 | Crear | Villager (Male) |
| 9:04 | Crear | Fishing Ship |
| 9:04 | Crear | Fishing Ship |
| 9:07 | Construir | Farm |
| 9:12 | Crear | Villager (Male) |
| 9:26 | Construir | House |
| 9:47 | Edad | Edad de los Castillos |
| 9:53 | Crear | Villager (Male) |
| 10:16 | Crear | Villager (Male) |
| 10:27 | Construir | Town Center |
| 10:36 | Crear | Villager (Male) |
| 10:48 | Investigar | Bow Saw |
| 10:48 | Investigar | Bow Saw |
| 10:54 | Crear | Villager (Male) |
| 11:06 | Construir | House |
| 11:08 | Construir | House |
| 11:09 | Construir | House |
Build order — cumm sharpshooter
0 acciones detectadas en el replay
Build order — Xinzzo
105 acciones detectadas en el replay
| 1:09 | Construir | Mill |
| 1:26 | Construir | Lumber Camp |
| 1:37 | Construir | Lumber Camp |
| 2:19 | Construir | Mining Camp |
| 3:15 | Construir | Dock |
| 3:45 | Construir | Farm |
| 3:47 | Construir | Farm |
| 3:49 | Construir | Farm |
| 3:50 | Construir | Farm |
| 3:52 | Construir | Farm |
| 3:54 | Construir | Farm |
| 3:55 | Construir | Farm |
| 3:56 | Construir | Farm |
| 3:58 | Construir | Farm |
| 4:00 | Construir | Farm |
| 4:01 | Construir | Farm |
| 4:02 | Investigar | Feudal Age |
| 4:06 | Construir | Farm |
| 4:10 | Construir | Farm |
| 4:13 | Construir | Farm |
| 4:16 | Crear | Fishing Ship |
| 4:16 | Crear | Fishing Ship |
| 4:17 | Crear | Fishing Ship |
| 4:17 | Crear | Fishing Ship |
| 4:18 | Crear | Fishing Ship |
| 4:54 | Edad | Edad Feudal |
| 5:03 | Investigar | Gold Mining |
| 5:03 | Investigar | Gold Mining |
| 5:06 | Investigar | Double-Bit Axe |
| 5:19 | Construir | Dock |
| 5:26 | Crear | Villager (Male) |
| 5:29 | Crear | Villager (Male) |
| 5:36 | Crear | Villager (Male) |
| 5:44 | Construir | Market |
| 5:56 | Investigar | Tech 906 |
| 5:56 | Investigar | Tech 906 |
| 6:01 | Construir | Dock |
| 6:04 | Construir | Farm |
| 6:07 | Construir | Farm |
| 6:11 | Construir | Blacksmith |
| 6:24 | Crear | Villager (Male) |
| 6:25 | Crear | Villager (Male) |
| 6:36 | Investigar | Castle Age |
| 6:39 | Crear | Demolition Raft |
| 6:40 | Crear | Demolition Raft |
| 6:40 | Crear | Demolition Raft |
| 7:04 | Investigar | Horse Collar |
| 7:42 | Investigar | Fletching |
| 7:44 | Edad | Edad de los Castillos |
| 7:50 | Investigar | Wheelbarrow |
| 7:54 | Investigar | Gillnets |
| 7:55 | Investigar | Gillnets |
| 8:04 | Crear | Demolition Raft |
| 8:04 | Crear | Demolition Raft |
| 8:05 | Crear | Demolition Raft |
| 8:08 | Crear | Demolition Raft |
| 8:08 | Crear | Demolition Raft |
| 8:08 | Crear | Demolition Raft |
| 8:42 | Crear | Demolition Raft |
| 8:42 | Crear | Demolition Raft |
| 8:43 | Crear | Demolition Raft |
| 8:48 | Crear | Fishing Ship |
| 8:48 | Crear | Fishing Ship |
| 8:49 | Crear | Fishing Ship |
| 8:52 | Crear | Fishing Ship |
| 8:53 | Crear | Fishing Ship |
| 8:53 | Crear | Fishing Ship |
| 8:56 | Crear | Fishing Ship |
| 8:57 | Crear | Fishing Ship |
| 8:57 | Crear | Fishing Ship |
| 8:59 | Crear | Villager (Male) |
| 9:00 | Crear | Villager (Male) |
| 9:00 | Crear | Villager (Male) |
| 9:00 | Crear | Villager (Male) |
| 9:02 | Investigar | Bow Saw |
| 9:02 | Investigar | Bow Saw |
| 9:08 | Investigar | Heavy Plow |
| 9:12 | Investigar | Gold Shaft Mining |
| 9:13 | Investigar | Stone Mining |
| 9:23 | Investigar | Bodkin Arrow |
| 9:29 | Construir | Lumber Camp |
| 9:36 | Construir | Mining Camp |
| 9:40 | Construir | Fish Trap |
| 9:43 | Construir | Fish Trap |
| 9:51 | Construir | Fish Trap |
| 10:17 | Construir | Town Center |
| 10:20 | Construir | Fish Trap |
| 10:23 | Construir | Fish Trap |
| 10:26 | Construir | Fish Trap |
| 10:29 | Construir | Fish Trap |
| 10:31 | Construir | Fish Trap |
| 10:33 | Construir | Fish Trap |
| 10:35 | Construir | Fish Trap |
| 10:48 | Crear | Villager (Male) ×5 |
| 11:05 | Construir | Town Center |
| 11:08 | Construir | Fish Trap |
| 11:11 | Construir | Fish Trap |
| 11:12 | Construir | Fish Trap |
| 11:24 | Crear | Villager (Male) |
| 11:24 | Crear | Villager (Male) |
| 11:24 | Crear | Villager (Male) |
| 11:25 | Crear | Villager (Male) |
| 11:25 | Crear | Villager (Male) |
| 11:29 | Investigar | Hand Cart |
| 11:47 | Construir | University |
Build order — pool_champ
95 acciones detectadas en el replay
| 1:41 | Construir | Lumber Camp |
| 2:11 | Construir | Town Center |
| 2:24 | Construir | Mining Camp |
| 2:52 | Construir | Town Center |
| 3:11 | Investigar | Feudal Age |
| 3:33 | Construir | Mill |
| 4:03 | Edad | Edad Feudal |
| 4:06 | Investigar | Double-Bit Axe |
| 4:41 | Construir | Town Center |
| 5:13 | Construir | Market |
| 5:16 | Construir | Blacksmith |
| 5:22 | Crear | Villager (Male) |
| 5:26 | Crear | Villager (Male) |
| 5:40 | Investigar | Castle Age |
| 6:08 | Investigar | Forging |
| 6:09 | Investigar | Forging |
| 6:12 | Investigar | Scale Mail Armor |
| 6:13 | Investigar | Scale Barding Armor |
| 6:14 | Investigar | Padded Archer Armor |
| 6:14 | Investigar | Fletching |
| 6:26 | Construir | Mining Camp |
| 6:30 | Construir | Mining Camp |
| 6:34 | Construir | Mining Camp |
| 6:38 | Investigar | Gold Mining |
| 6:43 | Investigar | Stone Mining |
| 6:51 | Edad | Edad de los Castillos |
| 7:00 | Construir | Town Center |
| 7:03 | Construir | Town Center |
| 7:05 | Crear | Villager (Male) |
| 7:05 | Crear | Villager (Male) |
| 7:06 | Crear | Villager (Male) |
| 7:14 | Crear | Villager (Male) |
| 7:31 | Construir | Monastery |
| 7:39 | Investigar | Iron Casting |
| 7:40 | Investigar | Chain Mail Armor |
| 7:41 | Investigar | Bodkin Arrow |
| 7:41 | Investigar | Leather Archer Armor |
| 7:42 | Investigar | Chain Barding Armor |
| 7:49 | Investigar | Bow Saw |
| 7:58 | Construir | Town Center |
| 8:02 | Construir | Town Center |
| 8:04 | Crear | Villager (Male) |
| 8:05 | Crear | Villager (Male) |
| 8:05 | Crear | Villager (Male) |
| 8:10 | Crear | Monk |
| 8:24 | Crear | Villager (Male) |
| 8:24 | Crear | Villager (Male) |
| 8:28 | Crear | Villager (Male) |
| 8:39 | Crear | Villager (Male) |
| 8:44 | Crear | Villager (Male) |
| 8:45 | Crear | Villager (Male) |
| 8:46 | Crear | Villager (Male) |
| 8:47 | Crear | Villager (Male) |
| 8:47 | Crear | Villager (Male) |
| 8:48 | Crear | Villager (Male) |
| 8:49 | Crear | Villager (Male) |
| 8:50 | Crear | Villager (Male) |
| 8:55 | Construir | Lumber Camp |
| 8:59 | Crear | Villager (Male) |
| 9:00 | Crear | Villager (Male) |
| 9:03 | Crear | Villager (Male) |
| 9:03 | Crear | Villager (Male) |
| 9:04 | Crear | Villager (Male) |
| 9:04 | Crear | Villager (Male) |
| 9:05 | Crear | Villager (Male) |
| 9:13 | Construir | Dock |
| 9:20 | Construir | Dock |
| 9:31 | Investigar | Wheelbarrow |
| 9:33 | Investigar | Loom |
| 9:34 | Investigar | Loom |
| 9:35 | Investigar | Town Watch |
| 9:35 | Investigar | Town Watch |
| 9:38 | Crear | Villager (Male) |
| 9:39 | Crear | Villager (Male) |
| 9:47 | Crear | Villager (Male) |
| 9:47 | Crear | Villager (Male) |
| 9:52 | Construir | Castle |
| 10:09 | Investigar | War Galley (upgrade) |
| 10:30 | Construir | Dock |
| 10:52 | Construir | Mining Camp |
| 10:56 | Construir | Town Center |
| 11:03 | Construir | Town Center |
| 11:08 | Crear | Villager (Male) |
| 11:09 | Crear | Villager (Male) |
| 11:11 | Crear | Villager (Male) |
| 11:13 | Investigar | Horse Collar |
| 11:20 | Crear | Villager (Male) |
| 11:21 | Crear | Villager (Male) |
| 11:42 | Crear | Trade Cog ×5 |
| 11:45 | Crear | Trade Cog ×5 |
| 11:46 | Crear | Transport Ship ×5 |
| 11:46 | Crear | Transport Ship ×5 |
| 11:58 | Construir | Dock |
| 12:15 | Construir | Dock |
| 12:17 | Construir | Dock |
Build order — rcmccallum
98 acciones detectadas en el replay
| 1:30 | Construir | Mill |
| 1:56 | Construir | Lumber Camp |
| 2:09 | Construir | Lumber Camp |
| 2:36 | Construir | Mill |
| 2:43 | Construir | Farm |
| 3:22 | Construir | Farm |
| 3:24 | Construir | Farm |
| 3:26 | Construir | Farm |
| 3:27 | Construir | Farm |
| 3:58 | Construir | Dock |
| 4:05 | Construir | Dock |
| 4:07 | Construir | Dock |
| 4:10 | Construir | Dock |
| 4:26 | Construir | Mining Camp |
| 4:34 | Investigar | Feudal Age |
| 4:46 | Construir | Farm |
| 4:49 | Construir | Farm |
| 4:52 | Construir | Farm |
| 4:53 | Construir | Farm |
| 4:54 | Construir | Farm |
| 4:56 | Construir | Farm |
| 4:58 | Construir | Farm |
| 5:10 | Construir | Mining Camp |
| 5:21 | Construir | Farm |
| 5:22 | Construir | Farm |
| 5:25 | Construir | Farm |
| 5:26 | Edad | Edad Feudal |
| 5:35 | Crear | Demolition Raft |
| 5:43 | Crear | Fishing Ship |
| 5:44 | Crear | Fishing Ship |
| 5:45 | Crear | Fishing Ship |
| 5:46 | Crear | Fishing Ship |
| 5:47 | Crear | Fishing Ship |
| 6:01 | Investigar | Wheelbarrow |
| 6:03 | Investigar | Town Watch |
| 6:07 | Investigar | Loom |
| 6:09 | Crear | Villager (Male) |
| 6:09 | Crear | Villager (Male) |
| 6:10 | Crear | Villager (Male) |
| 6:10 | Crear | Villager (Male) |
| 6:11 | Crear | Villager (Male) |
| 6:30 | Construir | Dock |
| 6:46 | Crear | Demolition Raft |
| 6:46 | Crear | Demolition Raft |
| 6:58 | Crear | Demolition Raft |
| 6:59 | Crear | Demolition Raft |
| 7:00 | Crear | Demolition Raft |
| 7:00 | Crear | Demolition Raft |
| 7:07 | Crear | Fishing Ship |
| 7:07 | Crear | Fishing Ship |
| 7:08 | Crear | Fishing Ship |
| 7:08 | Crear | Fishing Ship |
| 7:09 | Crear | Fishing Ship |
| 7:26 | Investigar | Double-Bit Axe |
| 7:29 | Investigar | Horse Collar |
| 7:36 | Investigar | Gold Mining |
| 7:38 | Investigar | Stone Mining |
| 8:21 | Crear | Demolition Raft |
| 8:22 | Crear | Demolition Raft |
| 8:22 | Crear | Demolition Raft |
| 8:23 | Crear | Demolition Raft |
| 8:23 | Crear | Demolition Raft |
| 8:32 | Construir | Blacksmith |
| 8:38 | Construir | Market |
| 8:51 | Construir | Dock |
| 9:16 | Investigar | Castle Age |
| 10:05 | Crear | Fishing Ship |
| 10:06 | Crear | Fishing Ship |
| 10:06 | Crear | Fishing Ship |
| 10:07 | Crear | Fishing Ship |
| 10:07 | Crear | Fishing Ship |
| 10:20 | Edad | Edad de los Castillos |
| 10:25 | Investigar | Gold Shaft Mining |
| 10:26 | Investigar | Stone Shaft Mining |
| 10:30 | Investigar | Hand Cart |
| 10:31 | Investigar | Town Patrol |
| 10:33 | Investigar | Heavy Plow |
| 10:37 | Investigar | Bow Saw |
| 10:43 | Construir | Town Center |
| 10:59 | Construir | Town Center |
| 11:12 | Crear | Villager (Male) |
| 11:12 | Crear | Villager (Male) |
| 11:13 | Crear | Villager (Male) |
| 11:13 | Crear | Villager (Male) |
| 11:14 | Crear | Villager (Male) |
| 11:20 | Investigar | Fletching |
| 11:21 | Investigar | Forging |
| 11:22 | Investigar | Scale Mail Armor |
| 11:23 | Investigar | Scale Barding Armor |
| 11:28 | Investigar | Padded Archer Armor |
| 11:40 | Crear | Fishing Ship |
| 11:41 | Crear | Fishing Ship |
| 11:41 | Crear | Fishing Ship |
| 11:42 | Crear | Fishing Ship |
| 11:42 | Crear | Fishing Ship |
| 11:48 | Investigar | War Galley (upgrade) |
| 11:53 | Investigar | Tech 905 |
| 12:15 | Construir | Town Center |
Build order — fxsound
124 acciones detectadas en el replay
| 1:13 | Construir | Mill |
| 1:25 | Construir | Lumber Camp |
| 1:28 | Construir | Mining Camp |
| 1:42 | Construir | Mill |
| 2:44 | Construir | Mill |
| 3:28 | Construir | Town Center |
| 3:42 | Construir | Mining Camp |
| 3:49 | Investigar | Feudal Age |
| 4:13 | Construir | Dock |
| 4:30 | Construir | Lumber Camp |
| 4:41 | Edad | Edad Feudal |
| 4:45 | Crear | Villager (Male) |
| 4:51 | Construir | Market |
| 4:55 | Construir | Blacksmith |
| 5:16 | Construir | Dock |
| 5:20 | Investigar | Castle Age |
| 5:35 | Construir | Barracks |
| 5:41 | Crear | Transport Ship |
| 6:12 | Construir | Lumber Camp |
| 6:24 | Edad | Edad de los Castillos |
| 6:28 | Construir | Town Center |
| 6:53 | Construir | Castle |
| 7:19 | Crear | Villager (Male) |
| 7:20 | Crear | Villager (Male) |
| 7:21 | Crear | Villager (Male) |
| 7:22 | Crear | Villager (Male) |
| 7:23 | Crear | Villager (Male) |
| 7:31 | Construir | Town Center |
| 7:42 | Construir | Siege Workshop |
| 7:46 | Construir | Monastery |
| 8:07 | Construir | Stable |
| 8:10 | Investigar | Imperial Age |
| 8:25 | Construir | Stable |
| 8:27 | Construir | Stable |
| 8:31 | Construir | Stable |
| 8:36 | Investigar | Husbandry |
| 8:36 | Investigar | Husbandry |
| 8:46 | Crear | Villager (Male) |
| 8:50 | Crear | Villager (Male) |
| 9:05 | Construir | Castle |
| 9:06 | Construir | Castle |
| 9:07 | Construir | Castle |
| 9:10 | Construir | Castle |
| 9:13 | Construir | University |
| 9:26 | Edad | Edad Imperial |
| 9:34 | Construir | Town Center |
| 9:36 | Construir | Town Center |
| 9:57 | Investigar | Cavalier (upgrade) |
| 10:04 | Investigar | Chivalry |
| 10:05 | Investigar | Chivalry |
| 10:09 | Investigar | Conscription |
| 10:10 | Investigar | Conscription |
| 10:22 | Construir | Stable |
| 10:24 | Investigar | Forging |
| 10:24 | Investigar | Scale Barding Armor |
| 10:29 | Construir | Blacksmith |
| 10:34 | Construir | Town Center |
| 10:39 | Investigar | Elite Throwing Axeman (upgrade) |
| 10:39 | Investigar | Bearded Axe |
| 10:43 | Crear | Throwing Axeman |
| 10:44 | Crear | Throwing Axeman |
| 10:44 | Crear | Throwing Axeman |
| 10:46 | Crear | Throwing Axeman |
| 10:46 | Crear | Throwing Axeman |
| 10:47 | Crear | Throwing Axeman |
| 10:47 | Crear | Throwing Axeman |
| 10:49 | Crear | Throwing Axeman |
| 10:51 | Investigar | Iron Casting |
| 10:51 | Investigar | Scale Mail Armor |
| 10:52 | Investigar | Scale Mail Armor |
| 10:54 | Investigar | Paladin (upgrade) |
| 10:55 | Investigar | Paladin (upgrade) |
| 10:59 | Crear | Knight |
| 11:00 | Crear | Knight |
| 11:03 | Crear | Knight |
| 11:03 | Crear | Knight |
| 11:03 | Crear | Knight |
| 11:04 | Crear | Knight |
| 11:05 | Crear | Knight |
| 11:05 | Crear | Knight |
| 11:06 | Crear | Knight |
| 11:06 | Crear | Knight |
| 11:07 | Crear | Knight |
| 11:07 | Crear | Knight |
| 11:07 | Crear | Knight |
| 11:08 | Crear | Knight |
| 11:08 | Crear | Knight |
| 11:09 | Crear | Knight |
| 11:10 | Crear | Knight |
| 11:10 | Crear | Knight |
| 11:10 | Crear | Knight |
| 11:11 | Crear | Knight |
| 11:12 | Crear | Knight |
| 11:12 | Crear | Knight |
| 11:12 | Crear | Knight |
| 11:15 | Crear | Villager (Male) |
| 11:16 | Crear | Villager (Male) |
| 11:17 | Crear | Villager (Male) |
| 11:17 | Crear | Villager (Male) |
| 11:18 | Crear | Villager (Male) |
| 11:18 | Crear | Villager (Male) |
| 11:19 | Crear | Villager (Male) |
| 11:19 | Crear | Villager (Male) |
| 11:21 | Crear | Villager (Male) |
| 11:53 | Investigar | Blast Furnace |
| 11:53 | Investigar | Chain Mail Armor |
| 11:54 | Investigar | Chain Mail Armor |
| 11:59 | Investigar | Ballistics |
| 11:59 | Investigar | Siege Engineers |
| 11:59 | Investigar | Ballistics |
| 11:59 | Investigar | Chemistry |
| 11:59 | Investigar | Siege Engineers |
| 11:59 | Investigar | Chemistry |
| 12:01 | Investigar | Masonry |
| 12:01 | Investigar | Masonry |
| 12:01 | Investigar | Murder Holes |
| 12:02 | Investigar | Fortified Wall (upgrade) |
| 12:02 | Investigar | Murder Holes |
| 12:02 | Investigar | Guard Tower (upgrade) |
| 12:03 | Investigar | Arrowslits |
| 12:05 | Investigar | Fletching |
| 12:05 | Investigar | Padded Archer Armor |
| 12:05 | Investigar | Chain Barding Armor |
| 12:12 | Construir | Blacksmith |
Build order — badger
86 acciones detectadas en el replay
| 0:09 | Crear | Villager (Male) |
| 0:09 | Crear | Villager (Male) |
| 0:10 | Crear | Villager (Male) |
| 0:10 | Crear | Villager (Male) |
| 0:20 | Construir | House |
| 0:27 | Construir | House |
| 1:24 | Construir | House |
| 2:37 | Construir | Dock |
| 2:55 | Construir | Mill |
| 2:56 | Crear | Villager (Male) |
| 2:56 | Crear | Villager (Male) |
| 2:56 | Crear | Villager (Male) |
| 2:57 | Crear | Villager (Male) |
| 2:57 | Crear | Villager (Male) |
| 2:57 | Crear | Villager (Male) |
| 3:51 | Crear | Villager (Male) |
| 3:52 | Crear | Villager (Male) |
| 3:52 | Crear | Villager (Male) |
| 3:52 | Crear | Villager (Male) |
| 3:52 | Crear | Villager (Male) |
| 4:28 | Construir | Lumber Camp |
| 4:31 | Crear | Villager (Male) |
| 4:31 | Crear | Villager (Male) |
| 4:31 | Crear | Villager (Male) |
| 4:32 | Crear | Villager (Male) |
| 5:11 | Crear | Villager (Male) |
| 5:11 | Crear | Villager (Male) |
| 5:12 | Crear | Villager (Male) |
| 5:12 | Crear | Villager (Male) |
| 5:12 | Crear | Villager (Male) |
| 5:13 | Crear | Villager (Male) |
| 5:29 | Crear | Villager (Male) |
| 5:30 | Crear | Villager (Male) |
| 5:41 | Construir | House |
| 6:16 | Crear | Villager (Male) |
| 6:16 | Crear | Villager (Male) |
| 6:16 | Crear | Villager (Male) |
| 6:17 | Crear | Villager (Male) |
| 6:17 | Crear | Villager (Male) |
| 6:17 | Crear | Villager (Male) |
| 6:17 | Crear | Villager (Male) |
| 6:30 | Construir | Farm |
| 6:31 | Construir | Farm |
| 6:33 | Construir | Farm |
| 6:36 | Construir | Farm |
| 6:38 | Construir | Farm |
| 6:44 | Construir | Farm |
| 6:50 | Construir | Farm |
| 7:37 | Investigar | Feudal Age |
| 7:50 | Construir | Mining Camp |
| 8:14 | Crear | Villager (Male) |
| 8:14 | Crear | Villager (Male) |
| 8:14 | Crear | Villager (Male) |
| 8:23 | Crear | Villager (Male) |
| 8:24 | Crear | Villager (Male) |
| 8:29 | Edad | Edad Feudal |
| 8:55 | Construir | Market |
| 9:02 | Construir | House |
| 9:04 | Construir | House |
| 9:05 | Construir | House |
| 9:05 | Construir | House |
| 9:06 | Construir | House |
| 9:06 | Construir | House |
| 9:07 | Construir | House |
| 9:07 | Construir | House |
| 9:07 | Construir | House |
| 9:28 | Construir | Blacksmith |
| 9:38 | Crear | Villager (Male) |
| 9:38 | Crear | Villager (Male) |
| 9:39 | Crear | Villager (Male) |
| 9:39 | Crear | Villager (Male) |
| 9:39 | Crear | Villager (Male) |
| 9:53 | Crear | Villager (Male) |
| 9:54 | Crear | Villager (Male) |
| 9:54 | Crear | Villager (Male) |
| 9:54 | Crear | Villager (Male) |
| 10:02 | Investigar | Castle Age |
| 10:20 | Construir | Farm |
| 10:23 | Construir | Farm |
| 10:40 | Crear | Trade Cart |
| 11:18 | Edad | Edad de los Castillos |
| 11:40 | Crear | Transport Ship |
| 11:49 | Construir | Farm |
| 11:51 | Crear | Villager (Male) |
| 11:52 | Crear | Villager (Male) |
| 11:52 | Crear | Villager (Male) |
Cronología de la partida
| 0:01 | cumm sharpshooter · resign |
| 2:37 | badger · first_building Dock |
| 3:05 | Snek · first_building Dock |
| 3:15 | Xinzzo · first_building Dock |
| 3:53 | Snek · age_up feudal |
| 3:58 | rcmccallum · first_building Dock |
| 4:03 | pool_champ · age_up feudal |
| 4:13 | fxsound · first_building Dock |
| 4:41 | fxsound · age_up feudal |
| 4:54 | Xinzzo · age_up feudal |
| 5:26 | rcmccallum · age_up feudal |
| 5:34 | pool_champ · first_market_sell 100 food |
| 5:35 | fxsound · first_building Barracks |
| 5:43 | Natascha · age_up feudal |
| 6:24 | fxsound · age_up castle |
| 6:48 | Snek · first_building Barracks |
| 6:51 | pool_champ · age_up castle |
| 6:53 | fxsound · first_building Castle |
| 7:31 | pool_champ · first_building Monastery |
| 7:42 | fxsound · first_building Siege Workshop |
| 7:44 | Xinzzo · age_up castle |
| 7:46 | fxsound · first_building Monastery |
| 7:55 | Natascha · first_building Dock |
| 8:05 | Natascha · first_market_buy 100 food |
| 8:07 | fxsound · first_building Stable |
| 8:29 | badger · age_up feudal |
| 9:13 | pool_champ · first_building Dock |
| 9:26 | fxsound · age_up imperial |
| 9:32 | Snek · first_market_sell 100 wood |
| 9:47 | Natascha · age_up castle |
| 9:52 | pool_champ · first_building Castle |
| 10:20 | rcmccallum · age_up castle |
| 10:40 | fxsound · first_market_sell 100 wood |
| 11:18 | badger · age_up castle |
| 12:02 | Snek · age_up castle |
[ ANÁLISIS IA · 1 CRÉDITO ]
¿Qué pasó realmente en esta partida?
Wolo.gg analiza cada decisión: build order, eco, micro, errores típicos por bracket. Análisis personalizado por WhatsApp o Discord en 30 segundos.
Guía civ
Birmanos
Perfil
Jugador #2984271